 Dungeon Crawl Stone Soup version 0.28.0 (webtiles) character file.

Game seed: 7154899953274246668

17 lunaticedit the Skirmisher (level 2, -5/27 HPs)
             Began as a Minotaur Berserker on Feb 18, 2022.
             Was a Follower of Trog.
             Slain by Sigmund (7 damage)
             ... on level 2 of the Dungeon.
             The game lasted 00:01:29 (1120 turns).

lunaticedit the Skirmisher (Minotaur Berserker)     Turns: 1120, Time: 00:01:30

Health: -5/27      AC:  8    Str: 21    XL:     2   Next: 44%
Magic:  1/1        EV:  8    Int:  4    God:    Trog [*.....]
Gold:   61         SH:  0    Dex:  9    Spells: 1/1 levels left

rFire   . . .      SeeInvis .   a - +0 hand axe (spect)
rCold   . . .      Faith    .   (no shield)
rNeg    . . .      Spirit   .   g - +0 chain mail
rPois   .          Reflect  .   (helmet restricted)
rElec   .          Harm     .   (no cloak)
rCorr   .          Rampage  .   (no gloves)
Will    .....                   (no boots)
Stlth   ..........              (no amulet)
HPRegen 0.09/turn               (no ring)
MPRegen 0.07/turn               (no ring)

@: confused, on berserk cooldown, slowed, very slow
A: horns 2, retaliatory headbutt
a: Renounce Religion, Berserk


You were on level 2 of the Dungeon.
You worshipped Trog.
Trog was aware of your devotion.
You visited 1 branch of the dungeon, and saw 2 of its levels.

You collected 61 gold pieces.

Inventory:

Hand Weapons
 a - a +0 spectral hand axe (weapon)
Armour
 g - a +0 chain mail (worn)
Scrolls
 b - a scroll of amnesia {unknown}
 d - a scroll of blinking
 f - a scroll of identify


   Skills:
 + Level 4.1 Fighting
 + Level 4.1 Axes
 + Level 2.4 Armour
 + Level 2.1 Dodging
 + Level 0.4 Stealth


You had one spell level left.
You didn't know any spells.
Your spell library was empty.

Dungeon Overview and Level Annotations

Branches:
Dungeon (2/15)

Altars:

Annotations:
D:2 Sigmund


Innate Abilities, Weirdness & Mutations

You have a pair of horns on your head.
You reflexively headbutt those who attack you in melee.


Message History

A red film seems to cover your vision as you go berserk!
You feel yourself moving faster!
You feel mighty!
Sigmund casts a spell.
Sigmund flickers and vanishes!
Deactivating autopickup; reactivate with Ctrl-A.
You miss something. Something hits you.
* * * LOW HITPOINT WARNING * * *
You miss something. You miss something. Your headbutt misses something.
You miss something.
You hear some strange, mumbled words.
You are confused.
You slash something! Your headbutt misses something.
You hear some strange, mumbled words.
A magic dart appears from out of thin air!
The magic dart hits you!
* * * LOW HITPOINT WARNING * * *
You barely miss something. Something hits you but does no damage.
You miss something. Your punch misses something.
You bump into the rock wall.
You bump into the rock wall.
You feel a strong urge to attack something.
You hear some strange, mumbled words.
You are more confused.
You completely miss something.
You hear some strange, mumbled words.
A puff of flame appears from out of thin air!
The puff of flame hits you.
* * * LOW HITPOINT WARNING * * *
You slash something! Something hits you but does no damage.
You bump into the rock wall.
You feel a strong urge to attack something.
You are no longer berserk.
You are exhausted.
You feel yourself slow down.
You hear some strange, mumbled words.
A puff of flame appears from out of thin air!
The puff of flame misses you. Something hits you but does no damage.
Something hits you!
You die...

######### #........
#########.########
..........@{......
#.........######## ##
..........# #. ..........#
#####.
.#...#+##.############.....
...........................
.#........############..###
.........# #.....
.........# #...#.


There were no monsters in sight!

Vanquished Creatures
  A worm (D:2)
  A ball python (D:1)
  3 bats (D:1)
  2 goblins (D:1)
  2 hobgoblins (D:1)
  2 frilled lizards (D:1)
  2 rats (D:1)
13 creatures vanquished.

Notes
Turn   | Place    | Note
-------+----------+-------------------------------------------
     0 | D:1      | lunaticedit the Minotaur Berserker began the quest for the
                  | Orb.
     0 | D:1      | Reached XP level 1. HP: 19/19 MP: 0/0
   562 | D:1      | Reached XP level 2. HP: 27/27 MP: 1/1
  1098 | D:2      | Noticed Sigmund
  1120 | D:2      | Slain by Sigmund

Illustrated notes

Levels and vault maps discovered:
D:1:      nzn_arrival_water_spiral, layout_loops_corners
D:2:      layout_basic, shapermc_ecumenical_altar_ellora,
          chequers_serial_rivers_micro_c, nicolae_grassy_gnolls, uniq_sigmund

Skill      XL: |  1  2 |
---------------+-------+-----
Fighting       | 4 |  4.1
Axes           | 4 |  4.1
Armour         | |  2.4
Dodging        | |  2.1
Stealth        | |  0.4

Action                   || total
-------------------------++-------
Melee: Hand axe          ||    37
       Headbutt          ||     7
Invok: Berserk           ||     1
  Use: Scroll            ||     4
Armor: Animal skin       ||     3
       Chain mail        ||     4
Dodge: Dodged            ||    13
